 Dungeon Crawl Stone Soup version 0.16.1-5-gaa23807 (webtiles) character file.

146 wojtek the Cutter (level 5, -3/30 HPs)
             Began as a Kobold Assassin on Mar 29, 2015.
             Slain by Zugr's ghost (11 damage)
             ... on level 3 of the Dungeon.
             The game lasted 00:05:09 (3249 turns).

wojtek the Cutter (Kobold Assassin)                 Turns: 3249, Time: 00:05:09

Health: -3/30      AC:  4    Str:  9    XL:     5   Next: 53%
Magic:  5/5        EV: 14    Int: 10    God:
Gold:   103        SH:  0    Dex: 18    Spells: 0 memorised, 4 levels left

rFire  . . .     SeeInvis .     a - +0 short sword (venom)
rCold  . . .     Clarity  .     c - +0 robe
rNeg   . . .     SustAb   .     (no shield)
rPois  .         Gourm    .     u - +0 helmet
rElec  .         Spirit   .     d - +0 cloak
rCorr  .         Warding  .     (no gloves)
rMut   .         Stasis   .     (no boots)
MR     .....                    (no amulet)
Stlth  +++.......               (no ring)
                                (no ring)

@: not resistant to hostile enchantments, fairly stealthy
A: carnivore 3
a: no special abilities


You were on level 3 of the Dungeon.
You were completely stuffed.

You visited 1 branch of the dungeon, and saw 3 of its levels.

You collected 103 gold pieces.

Inventory:

Hand weapons
 a - a +0 short sword of venom (weapon)
 b - a +0 blowgun
 n - a +2 dagger
 q - a +0 antimagic dagger
Missiles
 e - 8 poisoned needles
 f - 2 curare-tipped needles
Armour
 c - a +0 robe (worn)
 d - a +0 cloak (worn)
 u - a +0 helmet (worn)
Jewellery
 x - a cursed ring of loudness {unknown}
Scrolls
 h - 3 scrolls of identify {unknown}
 i - a scroll of random uselessness {unknown}
 j - a scroll of fear {unknown}
 l - 2 scrolls of remove curse {unknown}
 r - 2 scrolls of teleportation {unknown}
 w - a scroll of blinking {unknown}
Potions
 k - a potion of invisibility {unknown}
 m - 3 potions of magic {unknown}
 o - 2 potions of brilliance {unknown}
 p - a potion of restore abilities {unknown}
 s - 2 potions of haste {unknown}
 v - a potion of heal wounds {unknown}
Comestibles
 g - a meat ration


   Skills:
 - Level 2.1 Fighting
 + Level 7.0 Short Blades
 - Level 2.6 Throwing
 - Level 1.2 Dodging
 - Level 5.3 Stealth


You had 4 spell levels left.
You didn't know any spells.

Dungeon Overview and Level Annotations

Branches:
Dungeon (3/15)

Altars:

Annotations:
D:3 Zugr's ghost, weakling NaMo


Innate Abilities, Weirdness & Mutations

You are small and have problems with some larger weapons.
You are carnivorous and can eat meat at any time.


Message History

You hit Zugr's ghost.
Zugr's ghost is lightly damaged.
Zugr's ghost misses you.
You hit Zugr's ghost.
Zugr's ghost is lightly damaged.
Zugr's ghost hits you!
You hit Zugr's ghost.
Zugr's ghost is moderately damaged.
Zugr's ghost closely misses you.
You hit Zugr's ghost but do no damage.
Zugr's ghost is moderately damaged.
Zugr's ghost hits you but does no damage.
You hit Zugr's ghost.
Zugr's ghost is moderately damaged.
You hit Zugr's ghost.
Zugr's ghost is heavily damaged.
Zugr's ghost hits you!
* * * LOW HITPOINT WARNING * * *
Zugr's ghost hits you!
You die...

##+#
##...##
##.....##
#.....W@#
#.........#
'.........+
#.........#
##.......##
##.....##
##...##
##+#


You could see Zugr's ghost.

Vanquished Creatures
  2 orc priests (D:1)
  Robin (D:2)
  An adder (D:2)
  A worm (D:2)
  3 giant geckos (D:1)
  3 orcs (D:1)
  A giant cockroach (D:2)
  12 goblins
  5 hobgoblins
  A jackal (D:1)
  4 bats
  2 giant newts (D:1)
  12 kobolds
  8 rats
  3 plants (D:1)
59 creatures vanquished.

Notes
Turn   | Place    | Note
--------------------------------------------------------------
     0 | D:1      | wojtek, the Kobold Assassin, began the quest for the Orb.
     0 | D:1      | Reached XP level 1. HP: 12/12 MP: 1/1
     3 | D:1      | Noticed an electric eel
     5 | D:1      | Noticed an electric eel
   323 | D:1      | Reached XP level 2. HP: 14/17 MP: 2/2
   726 | D:1      | Reached XP level 3. HP: 4/21 MP: 3/3
  2167 | D:1      | Reached skill level 5 in Short Blades
  2167 | D:1      | Reached XP level 4. HP: 26/26 MP: 4/4
  2180 | D:1      | Reached skill level 6 in Short Blades
  2183 | D:1      | Reached XP level 5. HP: 11/30 MP: 5/5
  2683 | D:2      | Noticed Robin
  2786 | D:2      | Killed Robin
  3032 | D:2      | Reached skill level 7 in Short Blades
  3232 | D:3      | Noticed Zugr's ghost (weakling NaMo)
  3249 | D:3      | Slain by Zugr's ghost

Action                   |  1- 3 |  4- 6 || total
-------------------------+-------+-------++-------
Melee: Dagger            |    38 |       ||    38
       Short sword       |   284 |    86 ||   370
 Fire: Blowgun           |     8 |       ||     8
 Stab: Sleeping          |    10 |     2 ||    12
       Distracted        |       |     1 ||     1
  Eat: Chunk             |     7 |     9 ||    16
